 Dungeon Crawl Stone Soup version 0.26.1-10-gdfb7c7de75 (webtiles) character file.

Game seed: 3937091816237844109

1586 tardwrangler69 the Cleaver (level 8, -12/71 HPs)
             Began as a Minotaur Fighter on Apr 2, 2021.
             Was a Follower of Okawaru.
             Mangled by an orc warrior
             ... wielding a +0 flail
              (18 damage)
             ... on level 6 of the Dungeon.
             The game lasted 00:03:45 (5865 turns).

tardwrangler69 the Cleaver (Minotaur Fighter)       Turns: 5865, Time: 00:03:46

Health: -12/71     AC:  7    Str: 22    XL:     8   Next: 61%
Magic:  7/7        EV:  8    Int:  5    God:    Okawaru [*.....]
Gold:   260        SH: 10    Dex: 11    Spells: 7/7 levels left

rFire    . . .     SeeInvis .   a - +0 war axe
rCold    . . .     Faith    .   c - +0 kite shield
rNeg     . . .     Spirit   .   b - +0 scale mail
rPois    .         Reflect  .   (helmet restricted)
rElec    .         Harm     .   (no cloak)
rCorr    .         Rampage  .   (no gloves)
Will     .....                  (no boots)
Stlth    ..........             (no amulet)
HPRegen  0.21/turn              (no ring)
MPRegen  0.10/turn              (no ring)

@: mighty
A: retaliatory headbutt, horns 2
a: Renounce Religion, Heroism


You were on level 6 of the Dungeon.
You worshipped Okawaru.
Okawaru was aware of your devotion.
You visited 2 branches of the dungeon, and saw 8 of its levels.

You collected 260 gold pieces.

Inventory:

Hand Weapons
 a - a +0 war axe (weapon)
Armour
 b - a +0 scale mail (worn)
 c - a +0 kite shield (worn)
Jewellery
 t - a cursed ring of wizardry {unknown}
 A - an uncursed amulet of the acrobat {unknown}
 C - an uncursed ring of willpower {unknown}
 E - an uncursed ring of poison resistance {unknown}
Wands
 r - a wand of polymorph (8)
 u - a wand of random effects (42)
 y - a wand of paralysis (5)
 B - a wand of flame (10)
Scrolls
 e - 12 scrolls of identify {unknown}
 f - 4 scrolls of enchant weapon {unknown}
 g - 3 scrolls of fog {unknown}
 i - a scroll of magic mapping {unknown}
 l - 6 scrolls of remove curse {unknown}
 m - 3 scrolls of teleportation {unknown}
 n - a scroll of amnesia {unknown}
 p - a scroll of enchant armour {unknown}
 w - a scroll of random uselessness {unknown}
 x - a scroll of immolation {unknown}
Potions
 d - 3 potions of might
 h - a potion of magic {unknown}
 j - 2 potions of invisibility {unknown}
 k - a potion of brilliance {unknown}
 o - 3 potions of degeneration {unknown}
 q - a potion of berserk rage {unknown}
 s - a potion of heal wounds {unknown}
 v - a potion of lignification {unknown}
 z - a potion of curing {unknown}
 D - a potion of ambrosia {unknown}


   Skills:
 + Level 6.9 Fighting
 * Level 8.6 Axes
 - Level 6.8 Armour
 - Level 6.8 Shields
 + Level 0.0 Invocations


You had 7 spell levels left.
You didn't know any spells.
Your spell library contained the following spells:

 Spells                   Type           Power        Failure   Level
 Animate Skeleton         Necr           0%           98%         1
 Freeze                   Ice            0%           98%         1
 Magic Dart               Conj           0%           98%         1
 Pain                     Necr           0%           98%         1
 Blink                    Tloc           N/A          99%         2
 Call Imp                 Summ           0%           99%         2
 Slow                     Hex            0%           99%         2
 Conjure Flame            Conj/Fire      0%           100%        3
 Frozen Ramparts          Ice            0%           100%        3
 Mephitic Cloud           Conj/Pois/Air  0%           100%        3
 Ozocubu's Armour         Ice            0%           100%        3
 Vampiric Draining        Necr           0%           100%        3
 Animate Dead             Necr           0%           100%        4
 Hailstorm                Conj/Ice       0%           100%        4
 Summon Ice Beast         Ice/Summ       0%           100%        4
 Agony                    Necr           0%           100%        5


Dungeon Overview and Level Annotations

Branches:
Dungeon (7/15)             Temple (1/1) D:4

Altars:
Cheibriados
Dithmenos
Elyvilon
Fedhas
Gozag
Hepliaklqana
Makhleb
Nemelex Xobeh
Okawaru
Qazlal
Ru
Sif Muna
Trog
Uskayaw
Vehumet
Wu Jian
Xom
Yredelemnul
Zin


Innate Abilities, Weirdness & Mutations

You reflexively headbutt those who attack you in melee.
You have a pair of horns on your head.


Message History

You block the puff of frost.
You closely miss the white imp.
The white imp is severely wounded.
You hit the ice beast but do no damage.
An orc comes into view.
The ice beast barely misses you. The white imp barely misses you.
There is a stone staircase leading up here.
The orc warrior hits you with a +0 flail!
The ice beast hits you. The ice beast freezes you!
* * * LOW HITPOINT WARNING * * *
You climb upwards.
There is a stone staircase leading down here.
You block the ice beast's attack.
You feel very mighty all of a sudden.
The orc warrior hits you with a +0 flail!
* * * LOW HITPOINT WARNING * * *
You slash the orc warrior!
The orc warrior is heavily wounded.
The orc warrior hits you with a +0 flail!!
You die...

###########
#..(....>.# #####
#.#######.# ....# #.#
#Y# ....####.#### #o#
............# #@#
....####.##.# #.#
....# #.##.# #.# ....#
#.##.# #.# ....#
#.##.# #[# ....#
#.##.# #.# ....#
#.##.####.##### #####
#.##..........#
########.........###.#


You could see an orc warrior and an ice beast.

Vanquished Creatures
  A troll (D:6)
  Grinder (D:4)
  A water moccasin (D:6)
  2 ice beasts
  A centaur (D:5)
  A howler monkey (D:5)
  A centaur zombie (D:5)
  2 hounds
  2 orc priests (D:4)
  A bullfrog skeleton (D:4)
  An orc wizard (D:4)
  2 centaur skeletons
  5 worker ants
  A killer bee zombie (D:5)
  2 hound skeletons (D:3)
  A howler monkey zombie (D:3)
  7 gnolls
  12 adders
  2 shadow imps
  2 white imps (D:5)
  2 ufetubi (D:5)
  An ooze (D:4)
  3 adder zombies
  4 worms
  3 dart slugs
  4 leopard geckos
  9 orcs
  3 bats
  7 giant cockroaches
  4 goblins
  5 hobgoblins
  13 kobolds
  2 quokkas
  6 frilled lizards
  2 leopard gecko skeletons
  2 leopard gecko zombies (D:3)
  2 quokka zombies (D:3)
  4 rats
124 creatures vanquished.

Vanquished Creatures (others)
  6 withered plants (D:3)
6 creatures vanquished.

Grand Total: 130 creatures vanquished

Notes
Turn   | Place    | Note
-------+----------+-------------------------------------------
     0 | D:1      | tardwrangler69 the Minotaur Fighter began the quest for the
                  | Orb.
     0 | D:1      | Reached XP level 1. HP: 19/19 MP: 0/0
    93 | D:1      | Reached XP level 2. HP: 27/27 MP: 1/1
   182 | D:1      | Reached skill level 3 in Axes
   545 | D:2      | Reached XP level 3. HP: 30/33 MP: 2/2
   879 | D:2      | Reached XP level 4. HP: 35/40 MP: 3/3
  1036 | D:2      | Reached skill level 4 in Axes
  1218 | D:3      | Reached XP level 5. HP: 39/47 MP: 4/4
  2052 | D:4      | Reached skill level 5 in Axes
  2196 | D:4      | Reached XP level 6. HP: 15/55 MP: 5/5
  2477 | D:4      | Noticed Grinder
  2487 | D:4      | Paralysed by Grinder for 3 turns
  2494 | D:4      | Paralysed by Grinder for 5 turns
  2499 | D:4      | Killed Grinder
  2500 | D:4      | Reached skill level 5 in Fighting
  2500 | D:4      | Reached skill level 6 in Axes
  2500 | D:4      | Reached skill level 5 in Armour
  2500 | D:4      | Reached skill level 5 in Shields
  2660 | D:4      | Reached XP level 7. HP: 46/61 MP: 6/6
  2738 | D:4      | Found a shimmering altar of Xom.
  3384 | D:4      | Found a staircase to the Ecumenical Temple.
  3390 | Temple   | Entered the Ecumenical Temple
  3499 | Temple   | Became a worshipper of Warmaster Okawaru
  4204 | D:5      | Entered Level 5 of the Dungeon
  4331 | D:5      | Found an ornate altar of the Wu Jian Council.
  4386 | D:5      | Reached skill level 7 in Axes
  4609 | D:5      | Reached * piety under Okawaru
  4610 | D:5      | Reached XP level 8. HP: 53/70 MP: 7/7
  4970 | D:6      | Found a basalt altar of Yredelemnul.
  5121 | D:6      | Noticed a troll
  5129 | D:6      | Killed a troll
  5130 | D:6      | Reached skill level 8 in Axes
  5329 | D:6      | Found a sparkling altar of Nemelex Xobeh.
  5452 | D:6      | Reached ** piety under Okawaru
  5865 | D:6      | Mangled by an orc warrior

Illustrated notes

Levels and vault maps discovered:
D:1:      sevenhm_arrival_forest_fort_small_4, layout_basic
D:2:      layout_loops_ring
D:3:      layout_loops_ring, serial_undead, serial_undead_b, serial_undead_c,
          serial_undead_c, serial_undead_d, serial_undead_e, serial_undead_d,
          serial_undead_d, serial_undead_a, serial_undead_e, serial_undead_d
D:4:      minmay_thinvault, layout_loops_ring, xom_butterflies, temple_green,
          uniq_grinder
D:5:      layout_cave_pools, general_overflow_altar
D:6:      layout_loops_ring, overflow_temple_1_default,
          nemelex_xobeh_ov_fountains_minmay
D:7:      layout_cave_pools, lemuel_old_faithful
Temple:   regret_index_temple_waves

Skill      XL: |  1  2  3  4  5  6  7  8 |
---------------+-------------------------+-----
Axes           | 3 4 5 6 7 8 |  8.6
Armour         | 4 5 6 |  6.8
Shields        | 4 5 6 |  6.8
Fighting       | 4 5 6 |  6.9

Action                   |  1- 3 |  4- 6 |  7- 9 || total
-------------------------+-------+-------+-------++-------
Melee: War axe           |    88 |   127 |   135 ||   350
       Headbutt          |    12 |    22 |    27 ||    61
  Use: Potion            |       |       |     1 ||     1
Armor: Scale mail        |    33 |    56 |    52 ||   141
Dodge: Dodged            |    23 |    36 |    44 ||   103
Block: Kite shield       |    44 |    66 |    73 ||   183
